 Dungeon Crawl Stone Soup version 0.28-a0-664-gc179e30c89 (webtiles) character file.

Game seed: 1714774117613957265

300 MacCMillion the Magician (level 6, 0/46 HPs)
             Began as a Djinni Ice Elementalist on Oct 15, 2021.
             Killed by nerve-wracking pain
             ... invoked by Grinder
              (9 damage)
             ... in a sewer.
             The game lasted 00:18:16 (5124 turns).

MacCMillion the Magician (Djinni Ice Elementalist)  Turns: 5124, Time: 00:18:16

Health: 0/46       AC:  5    Str:  9      XL:     6   Next: 64%
Gold:   19         EV: 12    Int: 17      God:
                   SH:  0    Dex:  9 (13)

rFire   + + .      SeeInvis .   o - +2 dagger (speed)
rCold   x . .      Faith    .   (no shield)
rNeg    . . .      Spirit   .   a - +0 robe
rPois   ∞          Reflect  .   j - +2 helmet
rElec   .          Harm     .   (no cloak)
rCorr   .          Rampage  .   (no gloves)
Will    .....                   (boots unavailable)
Stlth   +.........              (no amulet)
HPRegen 0.15/turn               (no ring)
MPRegen 0.00/turn               (no ring)

@: flying
A: sickness immunity, fire resistance 2, cold vulnerability 1, float, innate
caster, hp casting, extra vitality 1
a: no special abilities


You were in a sewer.
You visited 1 branch of the dungeon, and saw 3 of its levels.
You also visited: Sewer.

You collected 107 gold pieces.
You spent 88 gold pieces at shops.

Inventory:

Hand Weapons
 b - a +0 club
 f - a +0 rapier
 o - a +2 dagger of speed (weapon)
Missiles
 m - 2 javelins (quivered)
Armour
 a - a +0 robe (worn)
 j - a +2 helmet (worn)
Jewellery
 i - a ring of fire
Scrolls
 c - 2 scrolls of immolation
 e - 2 scrolls of identify
 h - a scroll of torment {unknown}
Potions
 d - a potion of brilliance
 g - a potion of haste {unknown}
 k - a potion of curing
 l - a potion of heal wounds


   Skills:
 + Level 3.1 Fighting
 * Level 1.4 Short Blades
 - Level 2.1 Dodging
 - Level 1.5 Stealth
 + Level 4.9 Spellcasting


You couldn't memorise any spells.
You knew the following spells:

 Your Spells              Type           Power      Damage    Failure   Level
a - Freeze                Ice            84%        1d10      1%          1
b - Frozen Ramparts       Ice            42%        1d6       5%          3
c - Ozocubu's Armour      Ice            21%        N/A       5%          3
d - Hailstorm             Conj/Ice       21%        3d6       19%         4
e - Animate Skeleton      Necr           42%        N/A       1%          1
f - Wereblood             Tmut           21%        N/A       2%          2
Your spell library was empty.

Dungeon Overview and Level Annotations

Branches:
Dungeon (3/15)              Sewer (1/1)

Altars:
Okawaru
Yredelemnul

Shops:
D:2 !

Annotations:
Sewer Grinder


Innate Abilities, Weirdness & Mutations

You are immune to sickness and miasma.
You are immune to poison.
Your flesh is very heat resistant. (rF++)
You are vulnerable to cold. (rC-)
You float through the air rather than walking.
You learn spells naturally, not from books.
Your magical power is your life essence.
You have superior vitality. (+4 HP)


Message History

Pain shoots through your body! Grinder hits you.
You writhe in agony.
Throw: 4 javelins
Press: ? - help, Q - select action, (/) - cycle Shift-Dir - straight line, f/p - Grinder
Aim: Grinder (lightly wounded, 50% to hit)
You throw a javelin. The javelin completely misses Grinder.
Grinder completely misses you.
Unknown command.
Throw: 3 javelins
Press: ? - help, Q - select action, (/) - cycle Shift-Dir - straight line, f/p - Grinder
Aim: Grinder (50% to hit)
You throw a javelin.
The javelin pierces through Grinder but does no damage.
Grinder gestures at you.
You struggle to resist.
Grinder blinks!
Grinder gestures at you. You resist with some effort.
Things that are here:
2 javelins; 2 poisoned darts You see here a poisoned dart.
There is an open gate here.
Grinder is engulfed in blazing flames.
Grinder gestures at you. You resist with some effort. Grinder gestures at you.
You struggle to resist.
You see here a smoky red potion.
g - a smoky red potion You see here a +0 plate armour.
You see here a scroll labelled NEG NEORUOB.
h - a scroll labelled NEG NEORUOB Grinder hits you.
You writhe in agony.
You see here a potion of heal wounds.
l - a potion of heal wounds Grinder gestures at you.
You struggle to resist.
Grinder hits you.
You writhe in agony.
* * * LOW HITPOINT WARNING * * *
Grinder gestures at you. Pain shoots through your body!
You die...

..'..._.§.'...≈≈≈≈...
..'.§...)(#.).#≈≈....
#...§.(###.####.###
##.....##≈≈.#...≈≈≈
##'''###≈≈.#...≈≈≈
#≈...≈##≈≈.#.≈≈≈≈≈
#≈...≈##≈≈.#.≈≈≈≈≈
#≈...≈##≈≈.#..≈≈≈≈
#@...≈##≈≈.'.≈≈≈≈≈
#≈...≈############
#≈5..≈# ##.[.## ##.##
#∩# ###


You could see Grinder.

Vanquished Creatures
  A quasit (Sewer)
  An orc priest (D:3)
  An orc wizard (D:3)
  3 gnolls (D:2)
  5 adders
  2 river rats (D:3)
  4 shadow imps (Sewer)
  2 ufetubi (Sewer)
  An adder zombie (Sewer)
  A worm (D:3)
  A dart slug (D:1)
  An orc (D:3)
  4 ball pythons
  A bat zombie (Sewer)
  8 endoplasms
  2 giant cockroaches
  5 hobgoblins
  3 jackals (D:2)
  A quokka (D:1)
  7 bats
  3 frilled lizards (D:1)
  A giant cockroach zombie (Sewer)
  4 goblins
  14 kobolds
  2 kobold zombies (Sewer)
  8 rats
86 creatures vanquished.

Vanquished Creatures (others)
  A kobold zombie (Sewer)
1 creature vanquished.

Grand Total: 87 creatures vanquished

Notes
Turn   | Place    | Note
-------+----------+-------------------------------------------
     0 | D:1      | MacCMillion the Djinni Ice Elementalist began the quest for
                  | the Orb.
     0 | D:1      | Reached XP level 1. HP: 15/15 MP: 0/0
   351 | D:1      | Reached XP level 2. HP: 20/22 MP: 0/0
   560 | D:1      | Found a faded altar of an unknown god.
   736 | D:1      | Reached skill level 1 in Fighting
  1143 | D:1      | Reached XP level 3. HP: 18/27 MP: 0/0
  1143 | D:1      | Learned a level 1 spell: Animate Skeleton
  1614 | D:2      | Found a basalt altar of Yredelemnul.
  1745 | D:2      | Reached skill level 4 in Spellcasting
  1745 | D:2      | Reached XP level 4. HP: 23/33 MP: 0/0
  2303 | D:2      | Reached XP level 5. HP: 25/38 MP: 0/0
  2303 | D:2      | Learned a level 2 spell: Wereblood
  2430 | D:2      | Found Lekhuahe's Distillery.
  2438 | D:2      | Bought a potion of curing for 33 gold pieces
  2438 | D:2      | Bought a potion of heal wounds for 55 gold pieces
  2699 | D:3      | Found an iron altar of Okawaru.
  2823 | D:3      | Reached XP level 6. HP: 35/45 MP: 0/0
  2846 | D:3      | Found a glowing drain.
  2856 | Sewer    | Entered a sewer
  3344 | Sewer    | Reached skill level 1 in Short Blades
  3492 | Sewer    | Found a burning altar of Makhleb.
  3763 | Sewer    | Noticed Grinder
  3766 | Sewer    | Paralysed by Grinder for 4 turns
  3947 | Sewer    | Paralysed by Grinder for 3 turns
  4008 | Sewer    | Paralysed by Grinder for 5 turns
  4213 | Sewer    | Paralysed by Grinder for 2 turns
  4313 | Sewer    | Paralysed by Grinder for 2 turns
  4319 | Sewer    | Paralysed by Grinder for 5 turns
  4562 | Sewer    | Paralysed by Grinder for 2 turns
  4839 | Sewer    | Paralysed by Grinder for 5 turns
  4847 | Sewer    | Paralysed by Grinder for 3 turns
  5124 | Sewer    | Killed from afar by Grinder

Illustrated notes

Levels and vault maps discovered:
D:1:      dpeg_arrival_tiny_f, layout_rooms, shapermc_ecumenical_altar_ellora
D:2:      layout_loops_ring, basic_altar, serial_shops, nicolae_shop_waterfront
D:3:      layout_loops_cross, old_standard_altar, okawaru_trees_2,
          portal_sewer_entry_b, ebering_ghost_reflecting_pool
Sewer:    kennysheep_sewer_church

Skill      XL: |  1  2  3  4  5  6 |
---------------+-------------------+-----
Fighting       | 1 2 3 |  3.1
Spellcasting   | 4 |  4.9
Short Blades   | 1 |  1.4
Dodging        | |  2.1
Stealth        | |  1.5

Action                   |  1- 3 |  4- 6 || total
-------------------------+-------+-------++-------
Melee: Club              |     1 |       ||     1
       Rapier            |    23 |    98 ||   121
       Dagger            |       |    52 ||    52
Throw: Javelin           |       |    17 ||    17
       Dart              |       |    13 ||    13
 Cast: Freeze            |    31 |     7 ||    38
       Frozen Ramparts   |     3 |    13 ||    16
       Ozocubu's Armour  |       |    13 ||    13
       Wereblood         |       |     2 ||     2
  Use: Scroll            |       |     6 ||     6
       Potion            |       |     1 ||     1
 Stab: Sleeping          |     2 |     2 ||     4
       Distracted        |       |     1 ||     1
Armor: Robe              |     8 |    91 ||    99
Dodge: Dodged            |    31 |   177 ||   208

Table legend: (Time is in decaauts)
 A = Elapsed time spent in this place.
 B = Non-inter-level travel time spent in this place.
 C = Inter-level travel time spent in this place.
 D = Time resting spent in this place.
 E = Time spent auto-exploring this place.
 F = Levels seen in this place.
 G = Mean time per level.
                   A        B        C        D        E       F      G
               +--------+--------+--------+--------+--------+-----+--------+
         Total |   5134 |   5080 |     54 |   1649 |   2291 |   4 | 1283.5 |
       Dungeon |   2867 |   2813 |     54 |    400 |   1910 |   3 |  955.7 |
         Sewer |   2267 |   2267 |      0 |   1249 |    381 |   1 | 2267.0 |
               +--------+--------+--------+--------+--------+-----+--------+

Top non-repeatable levels by time:
   Sewer: 2267 daAuts
     D:1: 1366 daAuts
     D:2: 1334 daAuts
     D:3: 165 daAuts
